 Dungeon Crawl Stone Soup version 0.29.1-1-gd02db6906a (webtiles) character file.

Game seed: 10542473749619778462

214 Tsarbomb the Firebug (level 5, 0/42 HPs)
             Began as a Gargoyle Fire Elementalist on Sept 15, 2022.
             Was an Initiate of Vehumet.
             Killed by divine providence
             ... invoked by an orc priest
              (11 damage)
             ... on level 3 of the Dungeon.
             The game lasted 00:09:43 (2414 turns).

Tsarbomb the Firebug (Gargoyle Fire Elementalist)   Turns: 2414, Time: 00:09:44

Health: 0/42       AC:  8    Str: 12    XL:     5   Next: 92%
Magic:  5/8        EV: 11    Int: 17    God:    Vehumet [......]
Gold:   97         SH:  0    Dex: 10    Spells: 2/8 levels left

rFire   + . .      SeeInvis .   h - +0 dagger
rCold   + . .      Faith    .   (no shield)
rNeg    + . .      Spirit   .   j - +1 leather armour
rPois   ∞          Reflect  .   (no helmet)
rElec   +          Harm     .   f - scarf {rC+ rF+}
rCorr   .          Rampage  .   (no gloves)
Will    .....                   (no boots)
Stlth   ..........              (no amulet)
HPRegen 0.14/turn               (no ring)
MPRegen 0.11/turn               (no ring)

@: berserking, very quick
A: sickness immunity, AC +4, negative energy resistance 1, electricity
resistance, torment resistance 1, petrification resistance
a: Renounce Religion


You were on level 3 of the Dungeon.
You worshipped Vehumet.
Vehumet was noncommittal.
You visited 2 branches of the dungeon, and saw 5 of its levels.

You collected 97 gold pieces.

Inventory:

Hand Weapons
 d - a +0 mace
 h - a +0 dagger (weapon)
Armour
 a - a +0 robe
 f - a scarf of resistance (worn)
 j - a +1 leather armour (worn)
Scrolls
 e - 4 scrolls of identify
Potions
 b - 2 potions of magic
 c - 3 potions of curing
 i - a potion of haste {unknown}
 k - a potion of attraction {unknown}


   Skills:
 - Level 2.0 Short Blades
 + Level 1.6 Dodging
 - Level 2.1 Stealth
 - Level 2.0 Spellcasting
 + Level 2.2 Conjurations
 + Level 5.5 Fire Magic


You had 2 spell levels left.
You knew the following spells:

 Your Spells              Type           Power      Damage    Failure   Level
a - Foxfire               Conj/Fire      56%        2x1d6     4%          1
b - Scorch                Fire           40%        2d7       3%          2
c - Conjure Flame         Conj/Fire      14%        6-21      16%         3

Your spell library contained the following spells:

 Spells                   Type           Power      Damage    Failure   Level
 Inner Flame              Hex/Fire       11%        N/A       24%         3
 Flame Wave               Conj/Fire      14%        2d6       45%         4


Dungeon Overview and Level Annotations

Branches:
Dungeon (4/15)             Temple (1/1) D:4

Altars:
Dithmenos
Elyvilon
Gozag
Nemelex Xobeh
Trog
Uskayaw
Vehumet
Wu Jian
Zin
The Shining One

Shops:
D:3 ?


Innate Abilities, Weirdness & Mutations

You are immune to sickness and miasma.
Your stone body is resilient. (AC +4)
You are immune to poison.
You resist negative energy. (rN+)
You are resistant to electric shocks. (rElec)
You are resistant to unholy torment.
You are immune to petrification.


Message History

You conjure some foxfire!
The orc hits you with a +0 hand axe. The orc barely misses your foxfire.
The foxfire hits the orc.
The orc is lightly wounded.
The orc barely misses you.
Unknown command.
As you read the scroll labelled XAOTTODWUYCO, it crumbles to dust.
It is a scroll of identify.
c - 3 potions of curing The orc hits you but does no damage.
The orc hits you with a +0 flail.
Unknown command.
Okay, then.
As you read the scroll labelled ROHEURPHOEGE, it crumbles to dust.
It is a scroll of enchant armour.
Your +0 leather armour glows green for a moment.
The orc hits you but does no damage. x2; The orc hits you with a +0 flail.
Okay, then.
It was a potion of berserk rage.
A red film seems to cover your vision as you go berserk!
You feel yourself moving faster!
You feel mighty! The orc hits you with a +0 hand axe.
The orc hits you with a +0 club. The orc closely misses you.
You are too injured to fight recklessly!
You are too injured to fight recklessly!
You are too injured to fight recklessly!
You are too injured to fight recklessly!
You are too injured to fight recklessly!
You are too injured to fight recklessly!
You are too injured to fight recklessly!
You are too injured to fight recklessly!
You are too injured to fight recklessly!
You are too injured to fight recklessly!
You are too injured to fight recklessly!
You are too injured to fight recklessly!
You are too injured to fight recklessly!
You barely miss the orc. The orc hits you but does no damage.
The orc hits you with a +0 club.
* * * LOW HITPOINT WARNING * * *
The orc priest invokes the aid of Beogh against you.
Beogh smites you!
You die...

#.##.. ...#
..#.##.o.##.
......#....
...§#.#...
#†.#...#..
#o#..∩..#
##o#b..#
#oo#.# #@oo#
#####


You could see an orc priest, 5 orcs and a bat.

Vanquished Creatures
  Sigmund (D:2)
  An adder (D:2)
  A shadow imp (D:4)
  A worm (D:2)
  3 endoplasms (D:1)
  3 goblins
  4 hobgoblins
  7 jackals (D:1)
  A quokka (D:2)
  2 ball pythons
  3 bats
  A frilled lizard (D:1)
  4 kobolds
  2 rats
34 creatures vanquished.

Vanquished Creatures (others)
  60 foxfires
60 creatures vanquished.

Grand Total: 94 creatures vanquished

Notes
Turn   | Place    | Note
-------+----------+-------------------------------------------
     0 | D:1      | Tsarbomb the Gargoyle Fire Elementalist began the quest for
                  | the Orb.
     0 | D:1      | Reached XP level 1. HP: 10/10 MP: 3/3
   228 | D:1      | Found a faded altar of an unknown god.
   256 | D:1      | Reached XP level 2. HP: 15/15 MP: 1/5
   846 | D:1      | Learned a level 2 spell: Scorch
   884 | D:1      | Reached skill level 4 in Fire Magic
  1450 | D:1      | Reached XP level 3. HP: 19/19 MP: 2/6
  1639 | D:2      | Learned a level 3 spell: Conjure Flame
  1726 | D:2      | Noticed Sigmund
  1744 | D:2      | Killed Sigmund
  1745 | D:2      | Reached skill level 1 in Short Blades
  1745 | D:2      | Reached skill level 5 in Fire Magic
  1745 | D:2      | Reached XP level 4. HP: 16/24 MP: 0/7
  1745 | D:2      | Reached XP level 5. HP: 19/28 MP: 0/8
  2097 | D:2      | You fall into a shaft and drop 2 floors!
  2110 | D:4      | Found a staircase to the Ecumenical Temple.
  2116 | Temple   | Entered the Ecumenical Temple
  2337 | Temple   | Became a worshipper of Vehumet
  2407 | D:3      | Found Kehar's Magic Scroll Emporium.
  2414 | D:3      | Killed from afar by an orc priest

Illustrated notes

Levels and vault maps discovered:
D:1:      eino_arrival_druids_welcome, layout_basic,
          ebering_ecumenical_altar_webs
D:2:      layout_rooms, basic_altar, uniq_sigmund
D:3:      layout_basic, hangedman_ru_absence, lemuel_doored_altar, serial_shops,
          nicolae_diamond_shop, uniq_terence
D:4:      layout_loops_cross, grunt_temple_overflow_diamond,
          minmay_temple_entry_sparse_star, hangedman_decor_slide_cut
Temple:   jpeg_temple_alley_garden

Skill      XL: |  1  2  3  4  5 |
---------------+----------------+-----
Fire Magic     | 4 5 |  5.5
Short Blades   | 1 2 |  2.0
Conjurations   | 2 |  2.2
Dodging        | |  1.6
Stealth        | |  2.1
Spellcasting   | |  2.0

Action                   |  1- 3 |  4- 6 || total
-------------------------+-------+-------++-------
Melee: Unarmed           |     1 |       ||     1
       Mace              |    38 |       ||    38
       Punch             |     1 |       ||     1
       Dagger            |    14 |    19 ||    33
 Cast: Foxfire           |    28 |    11 ||    39
       Scorch            |     2 |     4 ||     6
  Use: Scroll            |       |     2 ||     2
       Potion            |       |     1 ||     1
Armor: Robe              |    32 |       ||    32
       Skin              |     1 |       ||     1
       Leather armour    |       |    19 ||    19
Dodge: Dodged            |    62 |    12 ||    74
